 Dungeon Crawl Stone Soup version 0.31-a0-841-g038b102fc3 (webtiles) character file.

Game seed: 15489651668085592582

1612 LeprechaunX the Changeling (level 8, -4/55 HPs)
             Began as an Octopode Shapeshifter on Sept 27, 2023.
             Slain by Maggie
             ... wielding a +1 broad axe of flaming
              (10 damage)
             ... on level 7 of the Dungeon.
             The game lasted 00:08:59 (5375 turns).

LeprechaunX the Changeling (Octopode Shapeshifter)  Turns: 5375, Time: 00:09:01

Health: -4/55      AC:  1    Str: 15    XL:     8   Next: 95%
Magic:  8/8        EV: 14    Int: 13    God:
Gold:   388        SH:  0    Dex: 11    Spells: 7/7 levels left

rFire   . . .        b - +8 trident of the Octopus King {venom, rElec rPois}
rCold   + . .        (no shield)
rNeg    . . .        (helmet currently unavailable)
rPois   +            (no amulet)
rElec   +            f - ring of protection from cold
rCorr   .            g - ring of ice
SInv    .            w - ring of fire
Will    .....        (no ring)
Stlth   ++           (no ring)
HPRegen 0.29/turn    (no ring)
MPRegen 0.11/turn    (no ring)
                     (no ring)

%: no passive effects
@: beast-form
A: beast (slay +4), almost no armour, amphibious, 8 rings, camouflage 1,
gelatinous body 1, (nimble swimmer 1), tentacles
a: Begin Untransformation


You were on level 7 of the Dungeon.
You were a hulking beast.
You visited 1 branch of the dungeon, and saw 7 of its levels.

You collected 388 gold pieces.

Inventory:

Hand Weapons
 a - a +0 sling
 b - the +8 trident of the Octopus King (weapon) {venom, rElec rPois}
   (You found it on level 5 of the Dungeon)

   rElec:     It insulates you from electricity.
   rPois:     It protects you from poison
Missiles
 d - 5 boomerangs (quivered)
Jewellery
 f - a ring of protection from cold (left tentacle)
 g - a ring of ice (right tentacle)
 w - a ring of fire (on tentacle)
Talismans
 c - a flux talisman
 h - a granite talisman
 r - a beast talisman (active)
Scrolls
 e - 5 scrolls of teleportation
 j - 3 scrolls of enchant armour
 k - a scroll of amnesia
 m - 2 scrolls of fog
 p - 4 scrolls of blinking
 u - a scroll of immolation {unknown}
 x - 3 scrolls of enchant weapon {unknown}
 y - a scroll of poison {unknown}
 B - a scroll of noise {unknown}
Potions
 i - a potion of enlightenment {unknown}
 l - 3 potions of curing
 n - 4 potions of might
 o - a potion of lignification
 s - a potion of mutation {unknown}
 t - a potion of heal wounds {unknown}
 v - 2 potions of cancellation {unknown}
 z - a potion of magic {unknown}
 A - a potion of brilliance {unknown}


   Skills:
 - Level 5.0 Fighting
 + Level 2.6 Polearms
 - Level 4.0 Dodging
 - Level 5.2 Unarmed Combat
 * Level 7.4 Shapeshifting


You had 7 spell levels left.
You didn't know any spells.
Your spell library was empty.

Dungeon Overview and Level Annotations

Branches:
Dungeon (7/15)
 Temple: D:4-7

Altars:
Nemelex Xobeh
Ru
Uskayaw
The Shining One

Shops:
D:1 (   D:6 ([([*

Annotations:
D:7 Maggie


Innate Abilities, Weirdness & Mutations

You are a hulking beast.
Your limbs bulge with bestial killing power. (Slay +4)
You cannot wear most types of armour.
You are amphibious.
You can wear up to eight rings at the same time.
Your skin changes colour to match your surroundings (Stealth+).
Your rubbery body absorbs attacks. (AC +1, EV +1)
((You are camouflaged when in or above water. (Stealth+)))
You have tentacles for arms and can constrict up to eight enemies at once.


Message History

You closely miss the scorpion. You grab the scorpion. You squeeze the scorpion.
The scorpion is lightly wounded.
You constrict the scorpion. The scorpion closely misses you.
The scorpion barely misses you.
You puncture the scorpion!
The scorpion is poisoned.
The scorpion is severely wounded.
You constrict the scorpion.
You kill the scorpion!
No target in view!
You enter the deep water.
You open the door.
There is an open door here.
Maggie the Vainglorious comes into view.
She is wielding a +1 broad axe of flaming.
Maggie shouts!
Maggie is nearby!
Maggie is nearby!
Maggie is nearby!
Found 3 stones and 6 poisoned darts.
Maggie points at you and mumbles some strange words.
The bolt of fire hits you!!
Ouch! That really hurt!
Maggie mumbles some strange words.
Maggie attempts to bespell you!
You are mesmerised by Maggie!
There is an open door here.
You break out of your daze!
You close the door.
You start resting.
Maggie the Vainglorious opens the door.
She is wielding a +1 broad axe of flaming.
Reach: b) +8 trident of the Octopus King {venom, rElec rPois}
Press: ? - help, Dir - move target, f - Maggie
Aim: Maggie, wielding a +1 broad axe of flaming and wearing +0 steam dragon scales (about 29% to evade the +8 trident of the Octopus King)
You reach to attack!
You barely miss Maggie. You puncture Maggie! You grab Maggie.
Maggie is lightly wounded.
You constrict Maggie.
Maggie hits you with a +1 broad axe of flaming!!
* * * LOW HITPOINT WARNING * * *
Maggie burns you!
You die...

.....# ..........# .....#
..........# .....#
..........# .....#
.((.......# .....###
############@..##### ........
....................
...................######....
....# .###.###@### ... .##.#
#.# #..h..# . ....## #.#
#.≈.≈.###### ##...# #.#
+.._..†....+ ##..###.#
#.≈.≈.###### #....#.# #.....#
#.##...# ###'###
##.###..######..#
+..............##
##.##....#####.#


You could see Maggie.

Vanquished Creatures
  A black bear (D:6)
  3 ogres
  A centaur (D:3)
  A phantom (D:6)
  A bullfrog (D:7)
  3 scorpions
  A wight (D:4)
  4 hounds
  A jelly (D:7)
  An orc priest (D:5)
  A gnoll bouda (D:5)
  4 iguanas
  A sleepcap (D:6)
  5 orc wizards
  Robin (D:3)
  9 gnolls
  7 adders
  5 shadow imps (D:5)
  2 white imps
  An ufetubus (D:5)
  2 worms
  3 dart slugs
  18 orcs
  6 ball pythons
  9 bats
  6 endoplasms
  3 giant cockroaches
  13 goblins
  9 hobgoblins
  8 jackals
  7 kobolds
  5 quokkas
  4 frilled lizards
  6 rats
152 creatures vanquished.

Notes
Turn   | Place    | Note
-------+----------+-------------------------------------------
     0 | D:1      | LeprechaunX the Octopode Shapeshifter began the quest for
                  | the Orb.
     0 | D:1      | Reached XP level 1. HP: 13/13 MP: 1/1
   105 | D:1      | Reached XP level 2. HP: 18/18 MP: 2/2
   349 | D:1      | Reached XP level 3. HP: 23/23 MP: 3/3
   527 | D:1      | Found Nuobeesi's Weapon Emporium.
  1036 | D:2      | Reached XP level 4. HP: 29/29 MP: 4/4
  1374 | D:3      | Noticed a centaur
  1384 | D:3      | Killed a centaur
  1385 | D:3      | Reached skill level 4 in Shapeshifting
  1385 | D:3      | Reached XP level 5. HP: 23/34 MP: 5/5
  1615 | D:3      | Found a sparkling altar of Nemelex Xobeh.
  1704 | D:3      | Identified the +7 short sword of the Postmodern Stars
                  | {flame, Fly rC- Int+3}
  1738 | D:3      | Noticed Robin
  1742 | D:3      | Killed Robin
  2085 | D:4      | Reached XP level 6. HP: 37/41 MP: 6/6
  2363 | D:4      | Reached skill level 5 in Shapeshifting
  2376 | D:4      | Reached XP level 7. HP: 26/46 MP: 7/7
  2751 | D:4      | Found a glowing golden altar of the Shining One.
  3431 | D:5      | Entered Level 5 of the Dungeon
  3730 | D:5      | Found a hide-covered altar of Uskayaw.
  3734 | D:5      | Found the +8 trident of the Octopus King {venom, rElec
                  | rPois}
  3956 | D:5      | Reached XP level 8. HP: 49/54 MP: 8/8
  3958 | D:5      | Reached skill level 6 in Shapeshifting
  3964 | D:5      | Reached skill level 5 in Unarmed Combat
  4314 | D:6      | Found Varuus's Antique Weapon Boutique.
  4359 | D:6      | Found Masuimis's Armour Shop.
  4510 | D:6      | Found Ujyhuistec's Armour Emporium.
  4569 | D:6      | Found Libuq's Assorted Antiques.
  4631 | D:6      | Reached skill level 1 in Polearms
  4838 | D:6      | Found Aqozxol's Weapon Emporium.
  5037 | D:6      | Reached skill level 7 in Shapeshifting
  5069 | D:6      | Reached skill level 5 in Fighting
  5344 | D:7      | Found a sacrificial altar of Ru.
  5361 | D:7      | Noticed Maggie
  5375 | D:7      | Slain by Maggie

Illustrated notes

Levels and vault maps discovered:
D:1:      erik_arrival_blinker_ship, layout_rooms, serial_shops,
          nicolae_shop_bloodbath_and_beyond, eino_curves_02,
          minmay_misc_feat_four_crosses, minmay_tetromino_o4
D:2:      layout_loops_ring
D:3:      layout_basic, old_standard_altar, minmay_crystal_room, uniq_robin
D:4:      minmay_wonky_spiral, layout_basic, mainiacjoe_overflow_surrounded_room
D:5:      layout_basic, eat_drink_and_be_merry_uskayaw, serial_demonic,
          serial_demonic_g, serial_demonic_b, serial_demonic_f, serial_demonic_e
D:6:      layout_basic, serial_shops, nicolae_shop_statue_plus, shop, shop,
          shop, shop
D:7:      layout_basic, nicolae_wu_jian_immortal_techniques,
          kennysheep_little_box, general_overflow_altar, temple_pool_b,
          uniq_joseph, uniq_maggie

Skill      XL: |  1  2  3  4  5  6  7  8 |
---------------+-------------------------+-----
Fighting       | 2 3 4 5 |  5.0
Shapeshifting  | 4 5 7 |  7.4
Dodging        | 3 4 |  4.0
Unarmed Combat | 4 5 |  5.2
Polearms       | 2 |  2.6

Action                     |  1- 3 |  4- 6 |  7- 9 || total
---------------------------+-------+-------+-------++-------
  Melee: Unarmed           |    78 |    45 |       ||   123
         Constrict         |    20 |    19 |    25 ||    64
         Punch             |     6 |     1 |     6 ||    13
         Tentacles         |    14 |    18 |    19 ||    51
         Short sword       |       |    35 |    76 ||   111
         Trident           |       |       |    41 ||    41
   Fire: Sling             |       |       |     3 ||     3
  Throw: Boomerang         |       |     5 |     1 ||     6
    Use: Scroll            |       |       |     7 ||     7
   Stab: Sleeping          |     5 |     7 |     6 ||    18
         Distracted        |     1 |       |       ||     1
 Armour: Skin              |    24 |    32 |    41 ||    97
  Dodge: Dodged            |    48 |    48 |    44 ||   140

Table legend: (Time is in decaauts)
 A = Elapsed time spent in this place.
 B = Non-inter-level travel time spent in this place.
 C = Inter-level travel time spent in this place.
 D = Time resting spent in this place.
 E = Time spent auto-exploring this place.
 F = Levels seen in this place.
 G = Mean time per level.
                   A        B        C        D        E       F      G
               +--------+--------+--------+--------+--------+-----+--------+
         Total |   5374 |   5156 |    218 |    301 |   3967 |   7 |  767.7 |
       Dungeon |   5374 |   5156 |    218 |    301 |   3967 |   7 |  767.7 |
               +--------+--------+--------+--------+--------+-----+--------+

Top non-repeatable levels by time:
     D:4: 1360 daAuts
     D:6: 983 daAuts
     D:5: 869 daAuts
     D:2: 739 daAuts
     D:3: 723 daAuts
     D:1: 600 daAuts
     D:7: 97 daAuts
